 Dungeon Crawl Stone Soup version 0.22.1-1-ga44c0e5 (webtiles) character file.

375 bogdani the Covered (level 6, -1/50 HPs)
             Began as a Hill Orc Fighter on Sept 27, 2018.
             Was an Initiate of Hepliaklqana.
             Slain by Duvessa
             ... wielding a +0 rapier of draining
              (13 damage)
             ... on level 4 of the Dungeon.
             The game lasted 00:11:26 (3252 turns).

bogdani the Covered (Hill Orc Fighter)              Turns: 3252, Time: 00:11:27

Health: -1/50      AC:  5    Str: 24    XL:     6   Next: 73%
Magic:  15/15      EV:  8    Int:  8    God:    Hepliaklqana [......]
Gold:   171        SH:  9    Dex: 12    Spells: 5/5 levels left

rFire    . . .     SeeInvis .   a - +0 war axe
rCold    + . .     Gourm    .   c - +0 shield
rNeg     . . .     Faith    .   u - +0 ring mail {rC+}
rPois    .         Spirit   .   o - +0 hat
rElec    .         Reflect  .   (no cloak)
rCorr    .         Harm     .   (no gloves)
MR       .....                  (no boots)
Stlth    +.........             (no amulet)
HPRegen  0.16/turn              n - ring of magical power
MPRegen  0.14/turn              (no ring)

@: mighty, heavily drained
A: reduced essence
a: Recall Ancestor, Ancestor Identity, Renounce Religion


You were on level 4 of the Dungeon.
You worshipped Hepliaklqana.
Hepliaklqana was noncommittal.
You were not hungry.

You visited 1 branch of the dungeon, and saw 4 of its levels.

You collected 171 gold pieces.

Inventory:

Hand Weapons
 a - a +0 war axe (weapon)
 v - a +0 hunting sling
Armour
 b - a +0 scale mail
 c - a +0 shield (worn)
 o - a +0 hat (worn)
 r - a +2 large shield
 u - a +0 ring mail of cold resistance (worn)
Jewellery
 n - a ring of magical power (left hand)
Scrolls
 e - 3 scrolls of teleportation {unknown}
 g - 3 scrolls of remove curse {unknown}
 j - 3 scrolls of identify {unknown}
 l - 2 scrolls of blinking {unknown}
 s - a scroll of enchant weapon {unknown}
 t - a scroll of magic mapping {unknown}
Potions
 h - 2 potions of haste {unknown}
 i - a potion of cancellation {unknown}
 k - 2 potions of agility {unknown}
 m - 2 potions of berserk rage {unknown}
 p - 3 potions of curing {unknown}
 q - a potion of flight {unknown}
Comestibles
 f - 5 rations


   Skills:
 * Level 5.1(3.0) Fighting
 + Level 5.0(3.0) Axes
 * Level 5.3(3.3) Armour
 - Level 0.1(0.0) Dodging
 * Level 4.6(2.6) Shields


You had 5 spell levels left.
You didn't know any spells.
Your spell library was empty.

Dungeon Overview and Level Annotations

Branches:
Dungeon (4/15)
 Temple: D:4-7

Altars:
Cheibriados
Hepliaklqana
Kikubaaqudgha
Trog
Wu Jian
Zin

Annotations:
D:4 Duvessa


Message History

You closely miss Duvessa.
Duvessa is lightly wounded.
You block Duvessa's attack.
Duvessa hits you with a rapier of draining!
You feel drained.
You barely miss Duvessa.
Duvessa is lightly wounded.
Duvessa hits you with a rapier of draining!
You feel drained. You block Duvessa's attack.
You completely miss Duvessa.
Duvessa is lightly wounded.
Duvessa hits you but does no damage.
You feel drained. You block Duvessa's attack.
You hit Duvessa.
Duvessa is moderately wounded.
Duvessa hits you with a rapier of draining.
* * * LOW HITPOINT WARNING * * *
You feel drained.
Duvessa hits you with a rapier of draining!
You die...

#.#...........###..
#.#......###### ###
#.#...........
#.........####
#.####.........#
#..............#
#...####'#######
#...####.#
+...).e@.#
#.[.###### #.. #. #


You could see Duvessa (berserk).

Vanquished Creatures
  Sigmund (D:3)
  Dowan (D:4)
  A hound (D:4)
  A worker ant (D:4)
  3 adders
  An ooze (D:1)
  An adder skeleton (D:3)
  5 worms
  A dart slug (D:3)
  3 leopard geckos
  2 orcs (D:3)
  2 ball pythons
  6 giant cockroaches
  3 goblins
  9 hobgoblins
  8 jackals
  2 quokkas (D:2)
  4 bats
  5 frilled lizards
  6 kobolds
  A leopard gecko skeleton (D:4)
  4 rats
70 creatures vanquished.

Vanquished Creatures (collateral kills)
  2 frilled lizards (D:3)
  A goblin (D:3)
  A kobold (D:3)
4 creatures vanquished.

Vanquished Creatures (others)
  An ancestor (D:4)
  9 fungi (D:4)
  3 plants (D:4)
13 creatures vanquished.

Grand Total: 87 creatures vanquished

Notes
Turn   | Place    | Note
-------+----------+-------------------------------------------
     0 | D:1      | bogdani the Hill Orc Fighter began the quest for the Orb.
     0 | D:1      | Reached XP level 1. HP: 19/19 MP: 1/1
    65 | D:1      | Reached XP level 2. HP: 24/27 MP: 2/2
   347 | D:1      | Reached XP level 3. HP: 33/33 MP: 3/3
   847 | D:2      | Reached XP level 4. HP: 19/40 MP: 4/4
  1654 | D:2      | Found a glowing silver altar of Zin.
  2085 | D:3      | Noticed Sigmund
  2097 | D:3      | Killed Sigmund
  2097 | D:3      | Reached skill level 5 in Armour
  2097 | D:3      | Reached XP level 5. HP: 35/47 MP: 5/5
  2097 | D:3      | Reached XP level 6. HP: 41/55 MP: 6/6
  2235 | D:3      | Found a hazy altar of Hepliaklqana.
  2242 | D:3      | Became a worshipper of Hepliaklqana the Forgotten
  2267 | D:3      | Found an ornate altar of the Wu Jian Council.
  2464 | D:3      | Found a bloodstained altar of Trog.
  2481 | D:3      | Found a snail-covered altar of Cheibriados.
  2638 | D:3      | Found an ancient bone altar of Kikubaaqudgha.
  3007 | D:4      | Reached skill level 5 in Fighting
  3230 | D:4      | Noticed Dowan
  3231 | D:4      | Noticed Duvessa
  3238 | D:4      | Killed Dowan
  3238 | D:4      | Reached skill level 5 in Axes
  3252 | D:4      | Slain by Duvessa

Skill      XL: |  1  2  3  4  5  6 |
---------------+-------------------+-----
Fighting       | 4 5 |  5.1
Axes           | 3 4 5 |  5.0
Armour         | 4 5 |  5.3
Shields        | 4 |  4.6
Dodging        | |  0.1

Action                   |  1- 3 |  4- 6 || total
-------------------------+-------+-------++-------
Melee: War axe           |    92 |   122 ||   214
  Use: Potion            |       |     2 ||     2
  Eat: Chunk             |       |     6 ||     6
       Ration            |       |     1 ||     1
Armor: Scale mail        |    70 |    24 ||    94
       Ring mail         |       |     9 ||     9
Dodge: Dodged            |    42 |    23 ||    65
Block: Shield            |    75 |    35 ||   110
       Large shield      |       |    50 ||    50
